 Dungeon Crawl Stone Soup version 0.27-a0-1123-g2f9bb313c0 (webtiles) character file.

Game seed: 15532299551088719810

16 Azzok the Chopper (level 2, -2/36 HPs)
             Began as a Demonspawn Berserker on May 3, 2021.
             Was a Follower of Trog.
             Slain by Sigmund
             ... wielding a +2 scythe of freezing
              (5 damage)
             ... on level 2 of the Dungeon.
             The game lasted 00:00:36 (1041 turns).

Azzok the Chopper (Demonspawn Berserker)            Turns: 1041, Time: 00:00:36

Health: -2/36      AC:  5    Str: 17    XL:     2   Next: 41%
Magic:  2/2        EV: 12    Int:  8    God:    Trog [*.....]
Gold:   34         SH:  0    Dex: 12    Spells: 1/1 levels left

rFire    . . .     SeeInvis .   a - +0 hand axe
rCold    . . .     Faith    .   (no shield)
rNeg     . . .     Spirit   .   b - +0 animal skin
rPois    .         Reflect  .   (no helmet)
rElec    .         Harm     .   c - +0 cloak
rCorr    .         Rampage  .   (no gloves)
Will     .....                  (no boots)
Stlth    ..........             (no amulet)
HPRegen  0.12/turn              (no ring)
MPRegen  0.08/turn              (no ring)

@: berserking, very quick
A: icy blue scales 1
a: Renounce Religion, Berserk


You were on level 2 of the Dungeon.
You worshipped Trog.
Trog was aware of your devotion.
You visited 1 branch of the dungeon, and saw 2 of its levels.

You collected 34 gold pieces.

Inventory:

Hand Weapons
 a - a +0 hand axe (weapon)
Missiles
 e - 8 atropa-tipped darts
Armour
 b - a +0 animal skin (worn)
 c - a +0 cloak (worn)
Scrolls
 d - a scroll of magic mapping {unknown}
 g - 4 scrolls of identify {unknown}
 i - a scroll of amnesia {unknown}
Potions
 f - 3 potions of curing {unknown}
 h - 2 potions of ambrosia {unknown}
 j - 2 potions of mutation {unknown}


   Skills:
 - Level 3.0 Fighting
 + Level 3.5 Axes
 - Level 1.7 Armour
 - Level 1.7 Dodging


You had one spell level left.
You didn't know any spells.
Your spell library was empty.

Dungeon Overview and Level Annotations

Branches:
Dungeon (2/15)

Altars:

Annotations:
D:2 Sigmund


Innate Abilities, Weirdness & Mutations

You are partially covered in icy blue scales. (AC +2)


Message History

You see here a hobgoblin corpse.
There is a stone staircase leading down here.
Done exploring.
Done exploring.
Done exploring.
(D) Dungeon
Where to? (? - help)
There is a stone staircase leading down here.
You climb downwards.
Found a scroll labelled LUUGIR DYQOPRE.
There is a stone staircase leading up here.
g - 4 scrolls labelled LUUGIR DYQOPRE (gained 1) Sigmund the Dreaded comes into view.
He is wielding a +2 scythe of freezing.
Sigmund is nearby!
Sigmund is nearby!
A giant cockroach comes into view.
You hit the giant cockroach.
You kill the giant cockroach!
Trog accepts your kill.
Sigmund shouts!
Sigmund hits you with a +2 scythe of freezing!
Sigmund freezes you.
A red film seems to cover your vision as you go berserk!
You feel yourself moving faster!
You feel mighty! Sigmund barely misses you.
You closely miss Sigmund. You slash Sigmund!
Sigmund is moderately wounded.
Sigmund points at you and mumbles some strange words.
The magic dart hits you.
You slash Sigmund!
Sigmund is severely wounded.
Sigmund closely misses you.
You barely miss Sigmund.
Sigmund is severely wounded.
You barely miss Sigmund.
Sigmund is severely wounded.
Sigmund hits you with a +2 scythe of freezing!
* * * LOW HITPOINT WARNING * * *
Sigmund freezes you.
You die...

··· ···· ·····
····· ▒▒▒▒▒▒·····
▒▒·········· ▒▒▒
▒▒···@·······
····▒▒····@·······
··················
····▒▒··········▒▒
▒··············▒
▒▒▒··········▒▒
▒▒··········▒▒
▒············
▒····<······▒
▒·········▒··


You could see Sigmund.

Vanquished Creatures
  2 dart slugs (D:1)
  2 endoplasms (D:1)
  A giant cockroach (D:2)
  A goblin (D:1)
  2 hobgoblins (D:1)
  A ball python (D:1)
  3 rats (D:1)
12 creatures vanquished.

Notes
Turn   | Place    | Note
-------+----------+-------------------------------------------
     0 | D:1      | Azzok the Demonspawn Berserker began the quest for the Orb.
     0 | D:1      | Reached XP level 1. HP: 18/18 MP: 1/1
   516 | D:1      | Gained mutation: You are partially covered in icy blue
                  | scales. (AC +2) [demonic ancestry]
   516 | D:1      | Reached XP level 2. HP: 18/24 MP: 2/2
  1028 | D:2      | Noticed Sigmund
  1041 | D:2      | Slain by Sigmund

Illustrated notes

Levels and vault maps discovered:
D:1:      ncdulo_wetmaze, layout_loops_corners
D:2:      layout_rooms, uniq_crazy_yiuf_cottage, uniq_sigmund

Skill      XL: |  1 |
---------------+----+-----
Axes           | 3 |  3.5
Fighting       | |  3.0
Armour         | |  1.7
Dodging        | |  1.7

Action                   || total
-------------------------++-------
Melee: Hand axe          ||    32
Invok: Berserk           ||     1
 Stab: Sleeping          ||     1
Armor: Animal skin       ||     7
Dodge: Dodged            ||    18

Table legend: (Time is in decaauts)
 A = Elapsed time spent in this place.
 B = Non-inter-level travel time spent in this place.
 C = Inter-level travel time spent in this place.
 D = Time resting spent in this place.
 E = Time spent auto-exploring this place.
 F = Levels seen in this place.
 G = Mean time per level.
                   A        B        C        D        E       F      G
               +--------+--------+--------+--------+--------+-----+--------+
         Total |   1049 |   1047 |      2 |      0 |    929 |   2 |  524.5 |
       Dungeon |   1049 |   1047 |      2 |      0 |    929 |   2 |  524.5 |
               +--------+--------+--------+--------+--------+-----+--------+

Top non-repeatable levels by time:
     D:1: 1030 daAuts
     D:2: 19 daAuts
